 Dungeon Crawl Stone Soup version 0.30-a0-465-g8901f6c8b5 (webtiles) character file.

Game seed: 5996149524190442413

595 Zonian the Magician (level 7, -6/45 HPs)
             Began as a Djinni Ice Elementalist on Dec 18, 2022.
             Was an Initiate of Ashenzari.
             Mangled by Duvessa
             ... wielding a +0 rapier
              (15 damage)
             ... on level 5 of the Dungeon.
             The game lasted 00:11:24 (5831 turns).

Zonian the Magician (Djinni Ice Elementalist)       Turns: 5831, Time: 00:11:25

Health: -6/45      AC:  9    Str:  5    XL:     7   Next: 67%
Gold:   88         EV: 13    Int: 24    God:    Ashenzari [......] SH:  0 Dex: 16

rFire   + + .      SeeInvis .    q - +8 dagger of Fate {flame, rPois Str-2 Dex+2}
rCold   x . .      Faith    .    (no shield)
rNeg    . . .      Spirit   .    a - +0 robe
rPois   ∞          Reflect  .    (no helmet)
rElec   .          Harm     .    (no cloak)
rCorr   .          Rampage  .    (no gloves)
Will    .....                    (boots unavailable)
Stlth   ++........               (no amulet)
HPRegen 0.27/turn                k - +6 ring of intelligence
MPRegen 0.00/turn                (no ring)

@: ice-armoured, flying
A: sickness immunity, fire resistance 2, cold vulnerability 1, float, innate
caster, HP casting, extra vitality 1
a: Renounce Religion


You were on level 5 of the Dungeon.
You worshipped Ashenzari.
Ashenzari was noncommittal.
You visited 2 branches of the dungeon, and saw 6 of its levels.

You collected 188 gold pieces.
You spent 100 gold pieces at shops.

Inventory:

Hand Weapons
 b - a +0 sling
 d - a +0 dagger
 f - a +0 war axe
 l - a +0 whip
 p - a +0 scimitar
 q - the +8 dagger of Fate (weapon) {flame, rPois Str-2 Dex+2}
   (You found it on level 4 of the Dungeon)

   It burns those it strikes, dealing additional fire damage.
   Str:       It affects your strength (-2).
   Dex:       It affects your dexterity (+2).
   rPois:     It protects you from poison.
Missiles
 e - 3 silver boomerangs
 n - 2 throwing nets
 o - 9 poisoned darts
Armour
 a - a +0 robe (worn)
Jewellery
 k - a +6 ring of intelligence (left hand)
Wands
 m - a wand of mindburst (10)
Scrolls
 i - a scroll of fear
 r - a scroll of poison {unknown}
 s - a scroll of acquirement {unknown}
 t - a scroll of teleportation
Potions
 c - a potion of curing
 g - 3 potions of might
 h - 2 potions of magic
 j - 2 potions of degeneration


   Skills:
 - Level 3.4 Dodging
 - Level 2.6 Stealth
 + Level 6.2 Spellcasting


You had one spell level left.
You knew the following spells:

 Your Spells              Type           Power      Damage    Failure   Level
a - Freeze                Ice            100%       1d10      1%          1
b - Frozen Ramparts       Ice            74%        1d12      1%          3
c - Ozocubu's Armour      Ice            37%        N/A       1%          3
d - Summon Ice Beast      Ice/Summ       37%        N/A       6%          4
e - Sandblast             Erth           74%        2d16      1%          1
f - Wereblood             Tmut           37%        N/A       1%          2
g - Dazzling Flash        Conj/Hex       74%        N/A       1%          3
Your spell library was empty.

Dungeon Overview and Level Annotations

Branches:
Dungeon (5/15)             Temple (1/1) D:4

Altars:
Ashenzari
Fedhas
Gozag
Hepliaklqana
Makhleb
Nemelex Xobeh
Qazlal
Ru
Uskayaw
Wu Jian
Xom
Yredelemnul
Zin
The Shining One

Shops:
D:3 *

Annotations:
D:2 1 runed translucent door, Crazy Yiuf, Sigmund
D:5 Duvessa


Innate Abilities, Weirdness & Mutations

You are immune to sickness and miasma.
You are immune to poison.
Your flesh is very heat resistant. (rF++)
You are vulnerable to cold. (rC-)
You float through the air rather than walking.
You learn spells naturally, not from books.
Your magical power is your life essence.
You have superior vitality. (+4 MHP)


Message History

Unknown command.
You hit Duvessa but do no damage. Duvessa barely misses you.
You catch the helpless Duvessa completely off-guard!
You puncture Duvessa! You burn Duvessa.
Duvessa is heavily wounded.
Duvessa closely misses you. Duvessa barely misses you.
Unknown command.
You hit Duvessa. You burn Duvessa.
Duvessa is heavily wounded.
Duvessa is no longer blind.
Duvessa hits you with a +0 rapier!
Unknown command.
Casting: Ozocubu's Armour (safe; 1% risk of failure)
Confirm with . or Enter, or press ? or * to list all spells.
Aiming: Freeze (safe; 1% risk of failure)
Press: ? - help, Shift-Dir - straight line, f - Duvessa
Aim: Duvessa, wielding a +0 rapier and wearing a +0 ring mail (heavily wounded, berserk)
You freeze Duvessa!
Duvessa is severely wounded.
Duvessa hits you with a +0 rapier.
* * * LOW HITPOINT WARNING * * *
Duvessa closely misses you.
Casting: Freeze (safe; 1% risk of failure)
Confirm with . or Enter, or press ? or * to list all spells.
Aiming: Freeze (safe; 1% risk of failure)
Press: ? - help, Shift-Dir - straight line, f/p - Duvessa
Aim: Duvessa, wielding a +0 rapier and wearing a +0 ring mail (severely wounded, berserk)
You freeze Duvessa!
Duvessa is almost dead.
* * * LOW HITPOINT WARNING * * *
Duvessa barely misses you.
Casting: Freeze (safe; 1% risk of failure)
Confirm with . or Enter, or press ? or * to list all spells.
Aiming: Freeze (safe; 1% risk of failure)
Press: ? - help, Shift-Dir - straight line, f/p - Duvessa
Aim: Duvessa, wielding a +0 rapier and wearing a +0 ring mail (almost dead, berserk)
You freeze Duvessa.
Duvessa is almost dead.
* * * LOW HITPOINT WARNING * * *
Duvessa hits you with a +0 rapier!
You die...

.....†.....#.#######
.....##..#.....[.>.#
... #..###.##.....
.............##.##.#
#.#############.#.#. #.
##### #..### #.
##...###)#)#.
####.######.....##.#..#
#....e@.##...>...#.....
#.#####.##.......#.....
#. #.##.......#.#... #.
#.###...)..#.#... #.
#....#..)#.#.#...
#.#####.##.#####.#.#.#.
#.......##.### #.......
####.##..<...#####.....
#.#####.#......##...


You could see Duvessa (berserk).

Vanquished Creatures
  A necrophage (D:5)
  2 scorpions (D:5)
  Dowan (D:5)
  A hound (D:4)
  An orc priest (D:4)
  2 iguanas (D:5)
  An orc wizard (D:5)
  A scorpion zombie (D:3)
  A howler monkey skeleton (D:3)
  5 adders
  5 river rats (D:4)
  An ufetubus (D:4)
  A worm (D:2)
  An adder zombie (D:3)
  A dart slug (D:2)
  10 orcs
  3 ball pythons
  10 endoplasms
  5 giant cockroaches
  4 goblins
  4 hobgoblins
  10 jackals
  2 kobolds
  4 quokkas
  6 bats
  2 frilled lizards
  A giant cockroach zombie (D:3)
  8 rats
94 creatures vanquished.

Notes
Turn   | Place    | Note
-------+----------+-------------------------------------------
     0 | D:1      | Zonian the Djinni Ice Elementalist began the quest for the
                  | Orb.
     0 | D:1      | Zonian set off with the following spells memorised: Freeze,
                  | Frozen Ramparts, Ozocubu's Armour, Summon Ice Beast.
     0 | D:1      | Reached XP level 1. HP: 15/15 MP: 0/0
   435 | D:1      | Reached XP level 2. HP: 10/21 MP: 0/0
  1190 | D:1      | Reached XP level 3. HP: 24/25 MP: 0/0
  1190 | D:1      | Learned a level 1 spell: Sandblast
  2140 | D:2      | Reached XP level 4. HP: 29/31 MP: 0/0
  2160 | D:2      | Noticed Sigmund
  2639 | D:2      | Found a runed translucent door.
  2640 | D:2      | Noticed Crazy Yiuf
  2883 | D:3      | You are sucked into a shaft and drop 2 floors!
  2883 | D:5      | Entered Level 5 of the Dungeon
  3062 | D:3      | Reached skill level 4 in Spellcasting
  3062 | D:3      | Reached XP level 5. HP: 10/35 MP: 0/0
  3062 | D:3      | Learned a level 2 spell: Wereblood
  4042 | D:3      | Found a faded altar of an unknown god.
  4232 | D:3      | Found Dach's Assorted Antiques.
  4236 | D:3      | Bought a silver ring for 100 gold pieces
  4455 | D:4      | Found a staircase to the Ecumenical Temple.
  4466 | Temple   | Entered the Ecumenical Temple
  4529 | Temple   | Became a worshipper of Ashenzari the Shackled
  4668 | D:4      | Reached XP level 6. HP: 31/40 MP: 0/0
  4992 | D:4      | Identified the +8 dagger of Fate {flame, rPois Str-2 Dex+2}
  5277 | D:4      | Reached skill level 5 in Spellcasting
  5461 | D:4      | Found a blossoming altar of Fedhas.
  5497 | D:5      | Reached XP level 7. HP: 17/45 MP: 0/0
  5497 | D:5      | Learned a level 3 spell: Dazzling Flash
  5713 | D:5      | Reached skill level 6 in Spellcasting
  5807 | D:5      | Noticed Duvessa
  5817 | D:5      | Noticed Dowan
  5822 | D:5      | Killed Dowan
  5831 | D:5      | Mangled by Duvessa

Illustrated notes

Levels and vault maps discovered:
D:1:      wander_arrival_desolate, layout_loops_ring,
          minmay_misc_feat_four_crosses, serial_bayou_crossing
D:2:      layout_basic, uniq_sigmund, uniq_crazy_yiuf_cottage
D:3:      layout_loops_ring, hellmonk_ecumenical_altar_leap_of_faith,
          serial_undead, serial_undead_c, serial_undead_f, serial_undead_e,
          serial_undead_c, serial_shops, nicolae_shop_trees, dk_noncrumbling_2
D:4:      layout_basic, kennysheep_mini, temple_green, lightli_sewer_entry_pipes
D:5:      layout_loops_cross, uniq_duvessa
Temple:   nicolae_temple_bog_church

Skill      XL: |  1  2  3  4  5  6  7 |
---------------+----------------------+-----
Stealth        | 2 |  2.6
Dodging        | 3 |  3.4
Spellcasting   | 4 5 6 |  6.2

Action                   |  1- 3 |  4- 6 |  7- 9 || total
-------------------------+-------+-------+-------++-------
Melee: Dagger            |    12 |   103 |    31 ||   146
       Unarmed           |     1 |       |       ||     1
       Punch             |       |     2 |       ||     2
 Cast: Freeze            |    44 |    59 |     3 ||   106
       Sandblast         |       |    13 |       ||    13
       Ozocubu's Armour  |       |     1 |     1 ||     2
       Frozen Ramparts   |       |     1 |       ||     1
       Dazzling Flash    |       |       |     1 ||     1
  Use: Scroll            |     2 |     6 |       ||     8
       Potion            |       |     6 |       ||     6
 Stab: Sleeping          |     1 |     4 |     1 ||     6
       Distracted        |     1 |     1 |       ||     2
       Invisible         |       |       |     1 ||     1
Armor: Robe              |     8 |    23 |     3 ||    34
Dodge: Dodged            |    30 |   112 |    19 ||   161

Table legend: (Time is in decaauts)
 A = Elapsed time spent in this place.
 B = Non-inter-level travel time spent in this place.
 C = Inter-level travel time spent in this place.
 D = Time resting spent in this place.
 E = Time spent auto-exploring this place.
 F = Levels seen in this place.
 G = Mean time per level.
                   A        B        C        D        E       F      G
               +--------+--------+--------+--------+--------+-----+--------+
         Total |   5834 |   5746 |     88 |   2302 |   2232 |   6 |  972.3 |
       Dungeon |   5761 |   5682 |     79 |   2302 |   2202 |   5 | 1152.2 |
        Temple |     72 |     63 |      9 |      0 |     30 |   1 |   72.0 |
               +--------+--------+--------+--------+--------+-----+--------+

Top non-repeatable levels by time:
     D:2: 1736 daAuts
     D:1: 1620 daAuts
     D:3: 1236 daAuts
     D:4: 775 daAuts
     D:5: 393 daAuts
  Temple: 72 daAuts
